Unix NetHack Version 3.7.0-62 Work-in-progress - last build Aug 7 2022 04:32:40 (f254b98e4f4e6c2f4e816e90bd3419c5233a8e5f,branch:master). Game began 2022-08-20 10:41:00, ended 2022-08-21 09:24:04. spontiff, neutral male gnomish Healer --- ----------------- .| --...............| .| --.....----..----.-- -.| |.-......-|..---|..-- |.| --.........---.|.--..--- --- -.| |............|....|........| .| |.........--........^---- -- .| ----.[.----|.(...u....| -.| |...| --.........-- |.| |.--- |....e.....----- |<--- --.| |..............| |...--|..# ---..q.h.......| ---..||.## --@d.........| --.--.# --..........| |....| |..........| |..--- |..........| |..| -....---...| |..| ......| --..| |..| .........| ---- ---- -?.--.|.-- --- ----- Spontiff the Rhizotomist St:10 Dx:9 Co:15 In:8 Wi:18 Ch:18 Neutral S:1550 Dlvl:7 $:0 HP:0(26) Pw:5(5) AC:4 Xp:1/0 T:3323 Latest messages: What do you want to use or apply? [fsxzSZ or ?*] s In what direction? l You hear nothing special. The large dog bites the rothe. The rothe misses the large dog. The rothe bites the large dog. The rothe misses the large dog. The large dog bites the rothe. The rothe misses the large dog. The rothe bites the large dog. The rothe misses the large dog. The large dog bites the rothe. The rothe is killed! You see here a rothe corpse. The large dog misses the rothe. The rothe misses! The rothe misses! The rothe bites! The large dog misses the rothe. The rothe hits! The rothe misses! The rothe bites! The large dog misses the rothe. What do you want to use or apply? [fsxzSZ or ?*] s In what direction? u Status of the rothe (neutral): Level 3 HP 21(21) AC 7. What do you want to use or apply? [fsxzSZ or ?*] s In what direction? l Status of the large dog (neutral): Level 9 HP 57(72) AC 4, tame. The large dog bites the rothe. There is a rothe corpse here; eat it? [ynq] (n) y This rothe corpse tastes stringy. The large dog bites the rothe. The rothe hits the large dog. The rothe misses the large dog. The rothe bites the large dog. The large dog bites the rothe. You stop eating the rothe corpse. The rothe hits! The rothe bites! The rothe bites! The large dog misses the rothe. Are you sure you want to pray? [yn] (n) y You begin praying to Hermes. The rothe hits! The rothe bites! The rothe bites! You die... Do you want your possessions identified? [ynq] (y) y Do you want to see the dungeon overview? [ynq] (y) y Major events: Turn 1: spontiff the neutral male gnomish Healer entered the dungeon 1533: entered the Gnomish Mines 3323: killed by a rothe, while praying Inventory: Weapons T - 35 blessed +1 arrows R - 3 uncursed +0 arrows K - an uncursed +0 dagger (alternate weapon; not wielded) k - an uncursed +0 elven dagger Armor g - an uncursed +1 pair of leather gloves (being worn) v - a blessed +2 pair of iron shoes (being worn) q - an uncursed +0 dwarvish cloak (being worn) Comestibles c - an uncursed carrot n - an uncursed food ration Wands S - an uncursed wand of sleep (0:3) Tools f - an uncursed bag of holding containing 22 items Z - an empty cursed bag of holding z - an uncursed leash s - an uncursed stethoscope x - a cursed tallow candle Contents of the bag of holding: 3203 gold pieces a blessed +1 dart an uncursed +0 dwarvish cloak an uncursed scroll of create monster an uncursed scroll of enchant weapon a blessed scroll of identify a blessed scroll of light an uncursed scroll of light an uncursed scroll of magic mapping an uncursed spellbook of force bolt a blessed spellbook of healing a cursed spellbook of remove curse 3 uncursed potions of extra healing an uncursed potion of hallucination an uncursed wand of enlightenment (0:12) an uncursed wand of lightning (0:8) an uncursed +0 pick-axe an uncursed worthless piece of green glass 2 cursed worthless pieces of green glass 3 uncursed worthless pieces of orange glass 2 uncursed worthless pieces of yellow glass 3 uncursed worthless pieces of yellowish brown glass Spontiff the Healer's attributes: Background: You were a Rhizotomist, a level 1 male gnomish Healer. You were neutral, on a mission for Hermes who was opposed by Athena (lawful) and Poseidon (chaotic). You were in the Gnomish Mines, on level 7. You entered the dungeon 3323 turns ago. You had 0 experience points, 20 were needed to attain level 2. Your score was 1550 before end-of-game adjustments. Basics: You had 0 out of 26 hit points. You had all 5 energy points (spell power). Your armor class was 4. Your wallet was empty. Autopickup was on for '$!/="?' plus thrown, with exceptions. Final Characteristics: Your strength was 10 (limit:18/50). Your dexterity was 9 (limit:18). Your constitution was 15 (limit:18). Your intelligence was 8 (limit:19). Your wisdom was 18 (limit:18). Your charisma was 18 (limit:18). Final Status: You were not hungry. You were unencumbered. You were empty handed. You were unskilled in bare handed combat. Final Attributes: You were devoutly aligned. You were poison resistant. You had infravision. You were warded. You are dead. Miscellaneous: You never encountered a bones level. Total elapsed playing time was 1 hour, 23 minutes and 27 seconds. Vanquished creatures: a large mimic a kitten 4 dwarves a homunculus a rothe a giant bat 2 iguanas an acid blob a coyote 2 hobbits 4 giant rats a yellow mold 7 gnomes 2 gnome zombies 7 geckos 7 jackals 2 foxes 2 kobolds 11 sewer rats a grid bug 7 lichens 8 newts 74 creatures vanquished. No species were genocided or became extinct. Voluntary challenges: You never hit with a wielded weapon. You were a pacifist. You were illiterate. You never engraved Elbereth. You never genocided any monsters. You never polymorphed an object. You never changed form. You used no wishes. Achievements: You entered the Gnomish Mines. You entered a shop. The Dungeons of Doom: levels 1 to 5 Level 1: Level 2: A fountain. Level 3: A fountain. Level 4: A general store, a fountain. Stairs down to The Gnomish Mines. Level 5: The Gnomish Mines: levels 5 to 7 Level 5: "teletrap" Level 6: Level 7: <- You were here. Final resting place for you, killed by a rothe, while praying. Game over: ---------- / \ / REST \ / IN \ / PEACE \ / \ | spontiff | | 3203 Au | | killed by a | | rothe | | | | | | 2022 | *| * * * | * _________)/\\_//(\/(/\)/\//\/|_)_______ Goodbye spontiff the Healer... You died in The Gnomish Mines on dungeon level 7 with 1425 points, and 3203 pieces of gold, after 3323 moves. You were level 1 with a maximum of 26 hit points when you died.